 Dungeon Crawl Stone Soup version 0.27-a0-96-gb51a1d6fd6 (webtiles) character file.

Game seed: 7042699463900664541

6092 kae the Martial Artist (level 10, -1/99 HPs)
             Began as a Demonspawn Transmuter on Jan 20, 2021.
             Was a Priest of Ru.
             Succumbed to a water moccasin's poison
             ... on level 9 of the Dungeon.
             The game lasted 00:16:40 (10871 turns).

kae the Martial Artist (Demonspawn Transmuter)     Turns: 10871, Time: 00:16:40

Health: -1/99      AC: 10    Str: 20    XL:     10   Next: 58%
Magic:  3/18       EV: 13    Int: 16    God:    Ru [***...]
Gold:   456        SH:  5    Dex: 14    Spells: 12/20 levels left

rFire    x . .     SeeInvis .     - Unarmed
rCold    + + +     Faith    .   (shield currently unavailable)
rNeg     . . .     Spirit   +   (armour currently unavailable)
rPois    +         Reflect  +   (helmet currently unavailable)
rElec    .         Harm     .   (cloak currently unavailable)
rCorr    .         Rampage  .   (gloves currently unavailable)
Will     .....     Clarity  +   (boots currently unavailable)
Stlth    +.........             v - amulet of reflection
HPRegen  0.26/turn              y - +6 ring of strength
MPRegen  0.32/turn              s - +4 ring of protection

@: lethally poisoned (-1 -> -6), ice-form
A: large, clarity, clever 1, robust 1, magic shield, magic regeneration, miasma
immunity, hated by all, inability to train armour
a: End Transformation, Renounce Religion, Draw Out Power


You were on level 9 of the Dungeon.
You worshipped Ru.
Ru was most pleased with you.
You were a creature of crystalline ice.
You visited 1 branch of the dungeon, and saw 10 of its levels.
You also visited: Sewer.

You collected 601 gold pieces.
You spent 145 gold pieces at shops.

Inventory:

Armour
 a - a +0 robe (melded)
 b - a +2 pair of gloves (melded)
 j - a +1 hat (melded)
Jewellery
 f - an uncursed ring of resist corrosion
 s - a +4 ring of protection (right front paw)
 v - an amulet of reflection (around neck)
 y - a +6 ring of strength (left front paw)
 D - an uncursed ring of positive energy
 I - an uncursed ring of protection from cold {unknown}
Wands
 m - a wand of iceblast (16)
 r - a wand of digging (6)
 w - a wand of random effects (17)
 C - a wand of acid (15)
Scrolls
 c - a scroll of enchant armour
 i - 4 scrolls of magic mapping
 n - 7 scrolls of remove curse
 q - 4 scrolls of fear
 u - 2 scrolls of fog
 x - a scroll of blinking
 B - a scroll of teleportation
 E - a scroll of summoning
 J - 2 scrolls of enchant weapon
Potions
 d - 2 potions of haste
 e - 2 potions of resistance
 g - 4 potions of heal wounds
 h - a potion of mutation
 k - 3 potions of magic
 l - 2 potions of might
 o - 5 potions of brilliance
 p - a potion of lignification
 t - 2 potions of curing
 z - a potion of berserk rage
 F - a potion of ambrosia
 H - a potion of flight {unknown}
 K - a potion of degeneration {unknown}


   Skills:
 + Level 5.7 Fighting
 + Level 5.6 Dodging
 * Level 8.1 Unarmed Combat
 + Level 5.7 Spellcasting
 + Level 5.5 Transmutations
 * Level 6.6 Ice Magic


You had 12 spell levels left.
You knew the following spells:

 Your Spells              Type           Power        Failure   Level
a - Beastly Appendage     Tmut           44%          1%          1
b - Spider Form           Tmut/Pois      6%           14%         3
c - Ice Form              Ice/Tmut       24%          12%         4

Your spell library contained the following spells:

 Spells                   Type           Power        Failure   Level
 Wereblood                Tmut           22%          2%          2
 Blade Hands              Tmut           11%          38%         5


Dungeon Overview and Level Annotations

Branches:
Dungeon (10/15)            Temple (0/1) D:5           Sewer (visited)
   Lair: D:8-11         Orc: D:9-12

Altars:
Gozag
Hepliaklqana
Makhleb
Ru
Sif Muna
Trog
Vehumet
Yredelemnul
Zin

Shops:
D:4 ([}*=   D:9 ?((


Innate Abilities, Weirdness & Mutations

((You have razor-sharp toenails.))
When hurt, damage is shared between your health and your magic reserves.
You regenerate magic rapidly.
You are immune to miasma.
You are hated by all.
You cannot train Armour skill.
((You are partially covered in razor-sharp scales. (AC +1, Slay +1)))
You possess an exceptional clarity of mind.
Your mind is acute. (Int +2)
You are robust. (+10% HP)


Message History

The yak gores you!
* * * LOW HITPOINT WARNING * * *
Items here: )) ? [[ †.
The water moccasin is no longer blind.
The water moccasin closely misses you.
Things that are here:
a +0 club; an orc corpse The water moccasin misses you.
The water moccasin bites you!
* * * LOW HITPOINT WARNING * * *
You are lethally poisoned!
The water moccasin poisons you!
You focus your inner power and illuminate the water moccasin in retribution!
There is a stone staircase leading up here.
* * * LOW HITPOINT WARNING * * *
You feel sick. You block the water moccasin's attack. The yak gores you.
* * * LOW HITPOINT WARNING * * *
You focus your inner power and illuminate the yak in retribution!
The water moccasin barely misses you. You block the water moccasin's attack.
You climb upwards.
You die...

.......(..###.##
..............#
.(........#####
....<)....# ..........#
############ (.....).###
#..........#
..........####..........#
(.......#........S.(....#
...(...........YYS......#
.....(..######..........#
........# #..........#
........# #..........#
........# #..........#
........# ############
........# ####.####
####..########


You could see a yak (corona) and 2 water moccasins.

Vanquished Creatures
  Pikel (D:5)
  A troll (D:10)
  Eustachio (D:5)
  4 wyverns
  A yak (D:10)
  Menkaure (D:4)
  Duvessa (D:6)
  2 water moccasins
  3 ice beasts
  3 sky beasts
  A necrophage (D:8)
  2 phantoms
  6 orc warriors
  4 ogres
  2 centaurs
  An elf zombie (D:8)
  Blork the orc (D:6)
  Dowan (D:6)
  A water moccasin zombie (D:6)
  A scorpion (D:8)
  2 wights (D:8)
  A howler monkey (D:6)
  3 hounds
  3 jellies
  A centaur zombie (D:8)
  A quasit (D:8)
  4 human zombies (D:8)
  7 orc priests
  4 bullfrog skeletons
  2 centaur skeletons
  2 human skeletons (D:8)
  3 iguanas
  11 orc wizards
  10 worker ants
  A hound zombie (D:6)
  A hound skeleton (D:6)
  2 mummies (D:8)
  A howler monkey zombie (D:9)
  15 adders
  A shadow imp (D:6)
  2 white imps
  4 ufetubi
  2 oozes
  An adder zombie (D:6)
  3 adder skeletons
  2 worms
  A dart slug (D:3)
  6 leopard geckos
  27 orcs
  9 ball pythons
  9 bats
  4 giant cockroaches
  3 goblins
  12 hobgoblins
  13 jackals
  12 kobolds
  7 quokkas
  7 frilled lizards
  A jackal skeleton (D:5)
  3 leopard gecko skeletons
  8 rats
249 creatures vanquished.

Vanquished Creatures (others)
  A quasit (D:8)
  12 plants
13 creatures vanquished.

Grand Total: 262 creatures vanquished

Notes
Turn   | Place    | Note
-------+----------+-------------------------------------------
     0 | D:1      | kae the Demonspawn Transmuter began the quest for the Orb.
     0 | D:1      | Reached XP level 1. HP: 15/15 MP: 3/3
   372 | D:1      | Gained mutation: You have sharp toenails. [demonic
                  | ancestry]
   372 | D:1      | Reached XP level 2. HP: 21/21 MP: 5/5
   434 | D:1      | Reached skill level 3 in Unarmed Combat
   761 | D:2      | Reached XP level 3. HP: 22/26 MP: 6/6
  1354 | D:2      | Found a sacrificial altar of Ru.
  1370 | D:2      | Gained mutation: You have razor-sharp toenails. [demonic
                  | ancestry]
  1370 | D:2      | Reached XP level 4. HP: 26/33 MP: 7/7
  1377 | D:2      | Learned a level 3 spell: Spider Form
  1442 | D:2      | Became a worshipper of Ru the Awakened
  2048 | D:3      | Gained mutation: You are robust. (+10% HP) [potion of
                  | mutation]
  2048 | D:3      | Gained mutation: Your mind is acute. (Int +2) [potion of
                  | mutation]
  2048 | D:3      | Gained mutation: You possess an exceptional clarity of
                  | mind. [potion of mutation]
  2124 | D:3      | Found a glowing drain.
  2159 | Sewer    | Entered a sewer
  2459 | Sewer    | Gained mutation: You are partially covered in razor-sharp
                  | scales. (AC +1, Slay +1) [demonic ancestry]
  2459 | Sewer    | Reached XP level 5. HP: 29/41 MP: 9/9
  3451 | D:3      | Found a bloodstained altar of Trog.
  3512 | D:3      | Gained mutation: You cannot train Armour skill. [Ru
                  | sacrifice]
  3512 | D:3      | Reached * piety under Ru
  3873 | D:4      | Found Ushamo Ven's Weapon Emporium.
  3921 | D:4      | Reached skill level 4 in Unarmed Combat
  3947 | D:4      | Found a glowing silver altar of Zin.
  3948 | D:4      | Found an opulent altar of Gozag.
  4015 | D:4      | Found Xefonymi's Gadget Shop.
  4019 | D:4      | Found Bass's Antique Armour Emporium.
  4038 | D:4      | Gained mutation: When hurt, damage is shared between your
                  | health and your magic reserves. [demonic ancestry]
  4038 | D:4      | Reached XP level 6. HP: 42/50 MP: 8/10
  4238 | D:4      | Noticed Menkaure
  4312 | D:4      | Learned a level 4 spell: Ice Form
  4361 | D:4      | Found Cashoq's Assorted Antiques.
  4366 | D:4      | Bought a scroll labelled NAEQIS GITITU for 30 gold pieces
  4366 | D:4      | Bought a sapphire potion for 27 gold pieces
  4366 | D:4      | Bought a scroll of identify for 60 gold pieces
  4368 | D:4      | Found Nubex's Jewellery Shop.
  4387 | D:4      | Killed Menkaure
  4388 | D:4      | Reached skill level 1 in Ice Magic
  4708 | D:4      | Found a hazy altar of Hepliaklqana.
  4758 | D:4      | Reached XP level 7. HP: 38/57 MP: 4/12
  4951 | D:4      | Found a burning altar of Makhleb.
  4981 | D:5      | Entered Level 5 of the Dungeon
  5028 | D:5      | Found a staircase to the Ecumenical Temple.
  5052 | D:5      | Reached skill level 5 in Unarmed Combat
  5274 | D:5      | Found a radiant altar of Vehumet.
  5391 | D:5      | Noticed Eustachio
  5398 | D:5      | Noticed Pikel
  5408 | D:5      | Killed Eustachio
  5409 | D:5      | Reached XP level 8. HP: 37/63 MP: 6/13
  5423 | D:5      | Killed Pikel
  6218 | D:5      | Reached skill level 6 in Unarmed Combat
  6673 | D:6      | Gained mutation: You are immune to miasma. [demonic
                  | ancestry]
  6673 | D:6      | Reached XP level 9. HP: 70/71 MP: 12/15
  7266 | D:6      | Noticed Dowan
  7267 | D:6      | Noticed Duvessa
  7288 | D:6      | Killed Duvessa
  7290 | D:6      | Found a shimmering blue altar of Sif Muna.
  7294 | D:6      | Killed Dowan
  7514 | D:6      | Noticed Blork the orc
  7531 | D:6      | Killed Blork the orc
  7535 | D:6      | Reached skill level 5 in Ice Magic
  8214 | D:7      | Reached skill level 7 in Unarmed Combat
  8291 | D:7      | Reached skill level 5 in Spellcasting
  8310 | D:7      | Reached skill level 5 in Fighting
  8938 | D:8      | Reached skill level 5 in Dodging
  9068 | D:8      | Reached skill level 5 in Transmutations
  9157 | D:8      | Found a basalt altar of Yredelemnul.
  9239 | D:8      | Gained mutation: You regenerate magic rapidly. [demonic
                  | ancestry]
  9239 | D:8      | Reached XP level 10. HP: 81/81 MP: 17/17
  9471 | D:8      | Gained mutation: You are hated by all. [Ru sacrifice]
  9471 | D:8      | Reached ** piety under Ru
  9471 | D:8      | Reached *** piety under Ru
 10223 | D:9      | Found Wong's Antique Weapon Emporium.
 10335 | D:9      | Found Kusuraev's Antique Weapon Shoppe.
 10421 | D:9      | Found Ritest's Book Boutique.
 10689 | D:9      | Found Ekhunwutt's Magic Scroll Shop.
 10692 | D:9      | Bought a scroll of identify for 28 gold pieces
 10802 | D:10     | Entered Level 10 of the Dungeon
 10856 | D:10     | Reached skill level 8 in Unarmed Combat
 10870 | D:10     | HP: 1/99 [yak (4)]
 10871 | D:9      | Succumbed to a water moccasin's poison

Illustrated notes

Levels and vault maps discovered:
D:1:      tarquinn_simple_flora_water_d, layout_rooms
D:2:      layout_loops_ring, nicolae_ru_great_annihilating_truth
D:3:      layout_rooms, cheibrodos_sewer_entry_sluice, bloody_trog
D:4:      layout_rooms, grunt_temple_overflow_gold_and_silver,
          nzn_hepliaklqana_mist_gate, kennysheep_little_box, serial_shops, shop,
          shop, shop, nicolae_shop_crystal, nicolae_shop_crystal,
          patterned_corridor, uniq_menkaure
D:5:      layout_basic, lemuel_round_altar, minmay_temple_entry_arrows,
          uniq_eustachio, uniq_pikel
D:6:      minmay_clustersquares, layout_loops_ring, lemuel_doored_altar,
          minmay_bent, uniq_duvessa, uniq_blork_the_orc
D:7:      layout_rooms, minmay_checkerbox
D:8:      layout_loops_cross, lemuel_mausoleum_altar_yredelemnul
D:9:      layout_rooms, serial_shops, shop, shop, nicolae_shop_waterfront,
          kennysheep_mini, serial_glass, glass_columns_a, glass_columns_c
D:10:     layout_basic, minmay_lair_entry_grove, roderic_batcave

Skill      XL: |  1  2  3  4  5  6  7  8  9 10 |
---------------+-------------------------------+-----
Dodging        | 2 3 4 5 |  5.6
Unarmed Combat | 3 4 5 6 7 8 |  8.1
Transmutations | 2 3 4 5 |  5.5
Fighting       | 2 3 4 5 |  5.7
Spellcasting   | 3 4 5 |  5.7
Ice Magic      | 1 2 4 5 6 |  6.6

Action                   |  1- 3 |  4- 6 |  7- 9 | 10-12 || total
-------------------------+-------+-------+-------+-------++-------
Melee: Unarmed           |   119 |   206 |   405 |   141 ||   871
       Kick              |    19 |    46 |    36 |     2 ||   103
       Punch             |     1 |     1 |     3 |       ||     5
       Headbutt          |       |    15 |     1 |       ||    16
 Cast: Beastly Appendage |       |    26 |     2 |       ||    28
       Spider Form       |       |     1 |    26 |       ||    27
       Ice Form          |       |     1 |     8 |    13 ||    22
Invok: Sacrifice Durabil |       |     1 |       |       ||     1
       Sacrifice Love    |       |       |       |     1 ||     1
  Use: Potion            |     1 |     1 |       |       ||     2
       Scroll            |       |    14 |     6 |     6 ||    26
 Stab: Sleeping          |     1 |     1 |       |       ||     2
       Paralysed         |       |     1 |       |       ||     1
       Distracted        |       |       |     3 |       ||     3
Armor: Robe              |    25 |    71 |    33 |     4 ||   133
       Skin              |       |       |    35 |    56 ||    91
Dodge: Dodged            |    61 |   165 |   273 |   102 ||   601
Block: Other             |       |       |    53 |    39 ||    92
       Reflection        |       |       |       |     5 ||     5

Table legend: (Time is in decaauts)
 A = Elapsed time spent in this place.
 B = Non-inter-level travel time spent in this place.
 C = Inter-level travel time spent in this place.
 D = Time resting spent in this place.
 E = Time spent auto-exploring this place.
 F = Levels seen in this place.
 G = Mean time per level.
                   A        B        C        D        E       F      G
               +--------+--------+--------+--------+--------+-----+--------+
         Total |  10970 |  10646 |    324 |   1267 |   7513 |  11 |  997.3 |
       Dungeon |   9629 |   9305 |    324 |   1107 |   6507 |  10 |  962.9 |
         Sewer |   1341 |   1341 |      0 |    160 |   1005 |   1 | 1341.0 |
               +--------+--------+--------+--------+--------+-----+--------+

Top non-repeatable levels by time:
     D:6: 1491 daAuts
     D:2: 1350 daAuts
   Sewer: 1341 daAuts
     D:5: 1285 daAuts
     D:4: 1244 daAuts
     D:8: 1156 daAuts
     D:7: 960 daAuts
     D:9: 733 daAuts
     D:1: 672 daAuts
     D:3: 670 daAuts
    D:10: 64 daAuts
